 Dungeon Crawl Stone Soup version 0.23.2-33-g5129a83184 (webtiles) character file.

Game seed: 10961455955147195788

237 troglodite the Charmwright (level 6, -4/50 HPs)
             Began as a Gnoll Skald on June 27, 2019.
             Killed from afar by Ijyb (9 damage)
             ... with a wand of flame (19)
             ... on level 4 of the Dungeon.
             The game lasted 00:08:35 (3417 turns).

troglodite the Charmwright (Gnoll Skald)            Turns: 3417, Time: 00:08:36

Health: -4/50      AC:  5    Str: 13    XL:     6   Next: 6%
Magic:  13/13      EV: 13    Int: 18    God:
Gold:   193        SH:  0    Dex: 14    Spells: 8/15 levels left

rFire    . . .     SeeInvis .   a - +0 spear
rCold    . . .     Gourm    .   (no shield)
rNeg     . . .     Faith    .   w - +0 ring mail
rPois    .         Spirit   .   (no helmet)
rElec    .         Reflect  .   r - scarf {cloud immunity}
rCorr    .         Harm     .   (no gloves)
MR       .....                  (no boots)
Stlth    +.........             (no amulet)
HPRegen  0.16/turn              l - ring of flight
MPRegen  0.13/turn              (no ring)

@: no status effects
A: distributed training, fangs 1, strong nose
a: Evoke Flight


You were on level 4 of the Dungeon.
You were very hungry.

You visited 1 branch of the dungeon, and saw 4 of its levels.

You collected 232 gold pieces.
You spent 39 gold pieces at shops.

Inventory:

Hand Weapons
 a - a +0 spear (weapon)
Armour
 b - a +0 leather armour
 r - a scarf of cloud immunity (worn)
 w - a +0 ring mail (worn)
Jewellery
 l - a ring of flight (left hand)
 n - an uncursed ring of fire
Scrolls
 e - 2 scrolls of enchant armour {unknown}
 g - 7 scrolls of fog {unknown}
 h - 11 scrolls of identify {unknown}
 i - a scroll of remove curse
 m - a scroll of enchant weapon {unknown}
 o - a scroll of fear {unknown}
 q - a scroll of teleportation {unknown}
 s - a scroll of magic mapping {unknown}
 t - a scroll of immolation {unknown}
Potions
 c - 2 potions of heal wounds {unknown}
 f - a potion of might {unknown}
 j - a potion of haste {unknown}
 k - 2 potions of agility {unknown}
 u - a potion of flight {unknown}
 v - a potion of lignification {unknown}
Comestibles
 d - 5 rations


   Skills:
 + Level 4.9 Fighting
 + Level 1.7 Short Blades
 + Level 1.7 Long Blades
 + Level 1.7 Axes
 + Level 1.7 Maces & Flails
 + Level 4.9 Polearms
 + Level 1.7 Staves
 + Level 1.7 Slings
 + Level 1.7 Bows
 + Level 1.7 Crossbows
 + Level 1.7 Throwing
 + Level 3.1 Armour
 + Level 4.9 Dodging
 + Level 1.7 Stealth
 + Level 1.7 Shields
 + Level 1.7 Unarmed Combat
 + Level 5.3 Spellcasting
 + Level 1.3 Conjurations
 + Level 1.3 Hexes
 + Level 5.6 Charms
 + Level 1.3 Summonings
 + Level 1.3 Necromancy
 + Level 1.3 Translocations
 + Level 1.3 Transmutations
 + Level 1.3 Fire Magic
 + Level 1.3 Ice Magic
 + Level 1.3 Air Magic
 + Level 1.3 Earth Magic
 + Level 1.3 Poison Magic
 + Level 2.0 Invocations
 + Level 1.7 Evocations


You had 8 spell levels left.
You knew the following spells:

 Your Spells              Type           Power        Failure   Level  Hunger
a - Infusion              Chrm           ####         2%          1    None
b - Spectral Weapon       Hex/Chrm       ###.....     19%         3    ##.....
c - Regeneration          Chrm/Necr      ###.......   19%         3    ##.....

Your spell library contained the following spells:

 Spells                   Type           Power        Failure   Level  Hunger
 Song of Slaying          Chrm           ####....     4%          2    #......
 Shroud of Golubria       Chrm/Tloc      ###.......   10%         2    #......


Dungeon Overview and Level Annotations

Branches:
Dungeon (4/15)
 Temple: D:4-7

Altars:
Gozag
Hepliaklqana
Kikubaaqudgha
Nemelex Xobeh

Shops:
D:4 *

Annotations:
D:4 Ijyb


Innate Abilities, Weirdness & Mutations

Your experience applies equally to all skills.
You have very sharp teeth.
Your uncanny sense of smell can sniff out nearby items.


Message History

* * * LOW HITPOINT WARNING * * *
Ijyb zaps a wand.
The puff of flame hits your spectral weapon.
Your spectral weapon resists.
Your spectral weapon shares its damage with you!
* * * LOW HITPOINT WARNING * * *
Ijyb zaps a wand.
The puff of flame hits your spectral weapon.
Your spectral weapon resists.
Your spectral weapon shares its damage with you!
Your spectral weapon fades away.
* * * LOW HITPOINT WARNING * * *
Ijyb screams, "I no like you!"
Found a stone staircase leading down.
Ijyb screams, "Level is mine!
All mine!"
Ijyb screams, "Me kill you!"
Ijyb zaps a wand.
The puff of flame hits you.
* * * LOW HITPOINT WARNING * * *
Ijyb zaps a wand.
The puff of flame hits you!
You die...

##...###.#####.#.###....# #.# #.
##...# #..............# #.# #.
<#...# #.###.#........# #.####.
##...# #......#...# #......
.#...# ##.####.#######......
.#...# #..#.#..# #..g.#####
.#...########...#.#.####.##.###
.#^>......)....####....g......#
.#...##.........@........####.##
.#...##.##..#+############ #..#
.#...##.#........... ##.##
........#..#........ ####..#
...#.####..#........ #......
.#......#..#...(.... #.#.###
.#.#+##.#..#........ #...
........#........... #...
........##..#+###### #.#.###


You could see Ijyb.

Vanquished Creatures
  A scorpion (D:4)
  2 hounds
  A howler monkey skeleton (D:4)
  5 adders
  2 worms
  A dart slug (D:1)
  A leopard gecko (D:3)
  2 ball pythons
  7 bats
  2 giant cockroaches (D:2)
  9 goblins
  2 hobgoblins (D:3)
  10 jackals
  A quokka (D:3)
  4 frilled lizards
  7 kobolds
  9 rats
66 creatures vanquished.

Vanquished Creatures (others)
  A spectral weapon (D:4)
1 creature vanquished.

Grand Total: 67 creatures vanquished

Notes
Turn   | Place    | Note
-------+----------+-------------------------------------------
     0 | D:1      | troglodite the Gnoll Skald began the quest for the Orb.
     0 | D:1      | Reached XP level 1. HP: 20/20 MP: 6/6
   176 | D:1      | Reached XP level 2. HP: 26/26 MP: 7/7
   664 | D:1      | Reached XP level 3. HP: 25/31 MP: 9/9
   947 | D:1      | Learned a level 3 spell: Spectral Weapon
  1070 | D:2      | Reached skill level 5 in Spellcasting
  1111 | D:2      | Found an ancient bone altar of Kikubaaqudgha.
  1183 | D:2      | Reached skill level 1 in Invocations
  1923 | D:3      | Reached skill level 1 in Short Blades
  1923 | D:3      | Reached skill level 1 in Long Blades
  1923 | D:3      | Reached skill level 1 in Axes
  1923 | D:3      | Reached skill level 1 in Maces & Flails
  1923 | D:3      | Reached skill level 1 in Staves
  1923 | D:3      | Reached skill level 1 in Slings
  1923 | D:3      | Reached skill level 1 in Bows
  1923 | D:3      | Reached skill level 1 in Crossbows
  1923 | D:3      | Reached skill level 1 in Throwing
  1923 | D:3      | Reached skill level 1 in Stealth
  1923 | D:3      | Reached skill level 1 in Shields
  1923 | D:3      | Reached skill level 1 in Unarmed Combat
  1923 | D:3      | Reached skill level 1 in Evocations
  1923 | D:3      | Reached XP level 4. HP: 32/38 MP: 8/11
  1934 | D:3      | Learned a level 3 spell: Regeneration
  2052 | D:3      | Reached skill level 1 in Conjurations
  2052 | D:3      | Reached skill level 1 in Hexes
  2052 | D:3      | Reached skill level 1 in Summonings
  2052 | D:3      | Reached skill level 1 in Necromancy
  2052 | D:3      | Reached skill level 1 in Translocations
  2052 | D:3      | Reached skill level 1 in Transmutations
  2052 | D:3      | Reached skill level 1 in Fire Magic
  2052 | D:3      | Reached skill level 1 in Ice Magic
  2052 | D:3      | Reached skill level 1 in Air Magic
  2052 | D:3      | Reached skill level 1 in Earth Magic
  2052 | D:3      | Reached skill level 1 in Poison Magic
  2336 | D:3      | Found a sparkling altar of Nemelex Xobeh.
  2363 | D:3      | Reached XP level 5. HP: 43/43 MP: 12/12
  2439 | D:3      | Found an opulent altar of Gozag.
  3177 | D:4      | Reached XP level 6. HP: 50/50 MP: 9/13
  3183 | D:4      | Found Fusegofra's General Store.
  3218 | D:4      | Bought a scroll of remove curse for 39 gold pieces
  3368 | D:4      | Noticed Ijyb
  3372 | D:4      | Found a hazy altar of Hepliaklqana.
  3417 | D:4      | Killed from afar by Ijyb

Skill      XL: |  1  2  3  4  5  6 |
---------------+-------------------+-----
Spellcasting   | 5 |  5.3
Invocations    | 1 2 |  2.0
Short Blades   | 1 |  1.7
Long Blades    | 1 |  1.7
Axes           | 1 |  1.7
Maces & Flails | 1 |  1.7
Staves         | 1 |  1.7
Slings         | 1 |  1.7
Bows           | 1 |  1.7
Crossbows      | 1 |  1.7
Throwing       | 1 |  1.7
Stealth        | 1 |  1.7
Shields        | 1 |  1.7
Unarmed Combat | 1 |  1.7
Evocations     | 1 |  1.7
Conjurations   | 1 |  1.3
Hexes          | 1 |  1.3
Summonings     | 1 |  1.3
Necromancy     | 1 |  1.3
Translocations | 1 |  1.3
Transmutations | 1 |  1.3
Fire Magic     | 1 |  1.3
Ice Magic      | 1 |  1.3
Air Magic      | 1 |  1.3
Earth Magic    | 1 |  1.3
Poison Magic   | 1 |  1.3
Armour         | 3 |  3.1
Fighting       | |  4.9
Polearms       | |  4.9
Dodging        | |  4.9
Charms         | |  5.6

Action                   |  1- 3 |  4- 6 || total
-------------------------+-------+-------++-------
Melee: Spear             |   128 |   152 ||   280
       Bite              |     7 |    14 ||    21
 Cast: Spectral Weapon   |     2 |     2 ||     4
  Use: Scroll            |       |     1 ||     1
 Stab: Sleeping          |     2 |     1 ||     3
  Eat: Chunk             |     2 |     5 ||     7
Armor: Leather armour    |    19 |     4 ||    23
       Ring mail         |       |    17 ||    17
Dodge: Dodged            |    50 |    70 ||   120
